 Dungeon Crawl Stone Soup version 0.29-a0-23-ga79f92ac9c (webtiles) character file.

Game seed: 14730922834391660889

959 soggyman666 the Chopper (level 8, -1/68 HPs)
             Began as a Hill Orc Monk on Jan 30, 2022.
             Was a Priest of Beogh.
             Slain by Edmund (6 damage)
             ... on level 5 of the Dungeon.
             The game lasted 00:12:16 (5834 turns).

soggyman666 the Chopper (Hill Orc Monk)             Turns: 5834, Time: 00:12:16

Health: -1/68      AC:  8    Str: 16    XL:     8   Next: 14%
Magic:  11/11      EV: 11    Int: 10    God:    Beogh [***...]
Gold:   201        SH:  0    Dex: 13    Spells: 7/7 levels left

rFire   . . .      SeeInvis +   r - +3 whip (venom)
rCold   . . .      Faith    .   (no shield)
rNeg    . . .      Spirit   .   m - +0 ring mail
rPois   .          Reflect  .   (no helmet)
rElec   .          Harm     .   (no cloak)
rCorr   .          Rampage  .   (no gloves)
Will    .....                   n - +2 pair of boots
Stlth   +.........              (no amulet)
HPRegen 0.21/turn               l - ring of see invisible
MPRegen 0.12/turn               (no ring)

@: no status effects
A: no striking features
a: Renounce Religion, Smiting


You were on level 5 of the Dungeon.
You worshipped Beogh.
Beogh was most pleased with you.
You visited 1 branch of the dungeon, and saw 5 of its levels.

You collected 201 gold pieces.

Inventory:

Hand Weapons
 a - a +0 hand axe
 r - a +3 whip of venom (weapon)
Missiles
 o - 45 bolts
 t - 6 poisoned darts (quivered)
Armour
 m - a +0 ring mail (worn)
 n - a +2 pair of boots (worn)
Jewellery
 l - a ring of see invisible (left hand)
Wands
 q - a wand of acid (7)
Scrolls
 e - a scroll of teleportation
 h - a scroll of amnesia
 j - 2 scrolls of identify
 s - a scroll of summoning {unknown}
 u - a scroll of magic mapping {unknown}
Potions
 b - a potion of cancellation {unknown}
 c - a potion of mutation {unknown}
 d - a potion of flight {unknown}
 f - 2 potions of brilliance {unknown}
 g - 6 potions of curing
 i - a potion of heal wounds
 k - a potion of ambrosia {unknown}
 p - a potion of berserk rage {unknown}


   Skills:
 + Level 5.3 Fighting
 + Level 7.0(7.4) Axes
 + Level 2.6(4.6) Maces & Flails
 + Level 3.2 Armour
 + Level 3.4 Dodging
 + Level 2.3 Stealth
 * Level 4.2 Invocations
 * Level 2.6 Evocations


You had 7 spell levels left.
You didn't know any spells.
Your spell library was empty.

Dungeon Overview and Level Annotations

Branches:
Dungeon (5/15)
 Temple: D:4-7

Altars:
Makhleb
Okawaru
Yredelemnul
Zin

Shops:
D:1 [

Annotations:
D:5 Edmund, Eustachio


Message History

The jackal misses you.
The jackal bites you but does no damage.
Edmund says, "A flail is better than a scythe, any day of the week!"
Edmund hits you with a +6 dire flail of protection!
You hit Edmund but do no damage.
Edmund looks as sick as possible!
Edmund is lightly wounded.
The jackal bites you.
You barely miss Edmund.
Edmund is lightly wounded.
Edmund hits you but does no damage.
The jackal bites you but does no damage.
You barely miss Edmund.
Edmund is lightly wounded.
Edmund hits you with a +6 dire flail of protection!
The jackal closely misses you.
You are too injured to fight recklessly!
You are too injured to fight recklessly!
You are too injured to fight recklessly!
You are too injured to fight recklessly!
You are too injured to fight recklessly!
You whack Edmund!
Edmund is heavily wounded.
The jackal misses you. Edmund completely misses you.
Unknown command.
You whack Edmund!
Edmund looks as sick as possible!
Edmund is severely wounded.
The jackal misses you.
The ogre hits you with a +0 giant club!!
* * * LOW HITPOINT WARNING * * *
Edmund closely misses you. The jackal barely misses you.
You hit Edmund but do no damage.
Edmund looks as sick as possible!
Edmund is severely wounded.
Edmund hits you with a +6 dire flail of protection.
* * * LOW HITPOINT WARNING * * *
The jackal misses you. The ogre closely misses you.
You barely miss Edmund.
Edmund is almost dead.
The jackal closely misses you.
Edmund hits you with a +6 dire flail of protection.
You die...

......
#......'...#.......#
.....
#......#...##.####.# .
#......#...#....##.#
#......###....#....#
#............#######
######.......# ####
#.......# ...# #O@h....#
##### ...# #.@.....#
#...# ...#
#.......#####.#.# ...#
#...._..#.....#.#
.รท.#####
#.......#.#####.#
.......#
#...............#
...###.###
###.......#######
...))....# #.##..###
######.#.########.##..###
#...#.......##.##....#


You could see Edmund (extremely poisoned), an ogre and a jackal.

Vanquished Creatures
  Sigmund (D:4)
  2 black bears
  An ogre (D:4)
  A centaur (D:4)
  A water moccasin skeleton (D:5)
  A hound (D:5)
  A centaur skeleton (D:5)
  4 orc wizards
  2 hound zombies (D:5)
  A hound skeleton (D:4)
  Robin (D:4)
  A howler monkey zombie (D:5)
  6 adders
  4 gnolls (D:5)
  A white imp (D:5)
  2 adder skeletons (D:4)
  A dart slug (D:4)
  11 orcs
  6 endoplasms
  3 giant cockroaches
  15 goblins
  8 hobgoblins
  5 jackals
  5 kobolds
  7 quokkas
  8 ball pythons
  3 bats
  A frilled lizard (D:2)
  5 rats
108 creatures vanquished.

Vanquished Creatures (others)
  An orc (D:3)
  A rat (D:3)
2 creatures vanquished.

Grand Total: 110 creatures vanquished

Notes
Turn   | Place    | Note
-------+----------+-------------------------------------------
     0 | D:1      | soggyman666 the Hill Orc Monk began the quest for the Orb.
     0 | D:1      | Reached XP level 1. HP: 19/19 MP: 1/1
    93 | D:1      | Found a faded altar of an unknown god.
   133 | D:1      | Reached XP level 2. HP: 27/27 MP: 2/2
   267 | D:1      | Found Wuamyobu's Antique Armour Boutique.
   881 | D:2      | Reached XP level 3. HP: 34/34 MP: 3/3
  1272 | D:2      | Reached skill level 5 in Axes
  1536 | D:3      | Reached XP level 4. HP: 30/41 MP: 4/4
  1960 | D:3      | Became a worshipper of Beogh the Brigand
  1960 | D:3      | Reached * piety under Beogh
  1960 | D:3      | Reached ** piety under Beogh
  2559 | D:3      | Reached XP level 5. HP: 40/47 MP: 5/5
  3128 | D:4      | Noticed Robin
  3147 | D:4      | Reached skill level 1 in Armour
  3158 | D:4      | Reached skill level 1 in Invocations
  3160 | D:4      | Killed Robin
  3314 | D:4      | Noticed a black bear
  3323 | D:4      | Killed a black bear
  3324 | D:4      | Reached skill level 6 in Axes
  3324 | D:4      | Reached XP level 6. HP: 45/55 MP: 5/7
  3737 | D:4      | Reached skill level 1 in Evocations
  3779 | D:4      | Found a burning altar of Makhleb.
  3994 | D:4      | Reached skill level 5 in Fighting
  4301 | D:4      | Reached skill level 1 in Maces & Flails
  4308 | D:4      | Reached XP level 7. HP: 57/61 MP: 7/9
  4518 | D:4      | Reached *** piety under Beogh
  4575 | D:4      | Noticed Sigmund
  4592 | D:4      | Killed Sigmund
  4961 | D:5      | Entered Level 5 of the Dungeon
  5225 | D:5      | Reached skill level 7 in Axes
  5225 | D:5      | Reached XP level 8. HP: 54/68 MP: 10/10
  5324 | D:5      | Found a basalt altar of Yredelemnul.
  5415 | D:5      | Noticed a hornet
  5416 | D:5      | Noticed Eustachio
  5450 | D:5      | Found a glowing silver altar of Zin.
  5466 | D:5      | Noticed Edmund
  5477 | D:5      | Found an iron altar of Okawaru.
  5834 | D:5      | Slain by Edmund

Illustrated notes

Levels and vault maps discovered:
D:1:      dpeg_arrival_three_same_balls, layout_loops_ring, serial_shops,
          nicolae_diamond_shop, basic_ecumenical_altar
D:2:      minmay_wonky_spiral, layout_rooms
D:3:      layout_basic
D:4:      layout_basic, kennysheep_flooded_box, st_stairs_2, uniq_sigmund,
          uniq_robin
D:5:      layout_basic, jmf_multi_god_temple, overflow_temple_1_default,
          uniq_edmund, uniq_eustachio, uniq_grinder

Skill      XL: |  1  2  3  4  5  6  7  8 |
---------------+-------------------------+-----
Fighting       | 4 5 |  5.3
Axes           | 5 6 7 |  7.0
Stealth        | 2 |  2.3
Armour         | 1 2 3 |  3.2
Invocations    | 1 2 3 4 |  4.2
Dodging        | 3 |  3.4
Evocations     | 1 2 |  2.6
Maces & Flails | 1 2 |  2.6

Action                   |  1- 3 |  4- 6 |  7- 9 || total
-------------------------+-------+-------+-------++-------
Melee: Hand axe          |   101 |   158 |    19 ||   278
       Punch             |     1 |     2 |       ||     3
       Whip              |       |    46 |    87 ||   133
Throw: Throwing net      |       |       |     1 ||     1
Invok: Convert to Beogh  |       |     1 |       ||     1
Evoke: Wand              |       |     1 |     1 ||     2
  Use: Scroll            |     8 |     3 |     2 ||    13
       Potion            |       |     1 |       ||     1
 Stab: Sleeping          |     5 |     1 |       ||     6
Armor: Robe              |     9 |       |       ||     9
       Ring mail         |    17 |    73 |    74 ||   164
Dodge: Dodged            |    63 |   138 |    94 ||   295

Table legend: (Time is in decaauts)
 A = Elapsed time spent in this place.
 B = Non-inter-level travel time spent in this place.
 C = Inter-level travel time spent in this place.
 D = Time resting spent in this place.
 E = Time spent auto-exploring this place.
 F = Levels seen in this place.
 G = Mean time per level.
                   A        B        C        D        E       F      G
               +--------+--------+--------+--------+--------+-----+--------+
         Total |   5828 |   5579 |    249 |   1475 |   3128 |   5 | 1165.6 |
       Dungeon |   5828 |   5579 |    249 |   1475 |   3128 |   5 | 1165.6 |
               +--------+--------+--------+--------+--------+-----+--------+

Top non-repeatable levels by time:
     D:4: 1838 daAuts
     D:3: 1620 daAuts
     D:2: 890 daAuts
     D:5: 866 daAuts
     D:1: 613 daAuts
